 Dungeon Crawl Stone Soup version 0.28-a0-863-g8cecda6153 (webtiles) character file.

Game seed: 9037066263390701993

1292 ytrimaz the Magician (level 8, 0/52 HPs)
             Began as a Mummy Necromancer on Nov 16, 2021.
             Was an Initiate of Yredelemnul.
             Slain by Menkaure (21 damage)
             ... on level 5 of the Dungeon.
             The game lasted 00:10:43 (6136 turns).

ytrimaz the Magician (Mummy Necromancer)            Turns: 6136, Time: 00:10:44

Health: 0/52       AC:  6    Str: 13    XL:     8   Next: 30%
Magic:  19/19      EV: 12    Int: 17    God:    Yredelemnul [......]
Gold:   227        SH:  0    Dex: 12    Spells: 13/22 levels left

rFire   x . .      SeeInvis .     - Unarmed
rCold   + . .      Faith    .   (no shield)
rNeg    + + +      Spirit   .   m - +1 robe of Negligence {+Inv Regen+ Str+2}
rPois   ∞          Reflect  .   (no helmet)
rElec   .          Harm     .   l - +2 cloak
rCorr   .          Rampage  .   (no gloves)
Will    +....                   (no boots)
Stlth   ++........              (no amulet)
HPRegen 1.17/turn               (no ring)
MPRegen 0.16/turn               (no ring)

@: no status effects
A: cold resistance 1, negative energy resistance 3, torment resistance 2, heat
vulnerability 1, no potions
a: Renounce Religion, Evoke Invisibility


You were on level 5 of the Dungeon.
You worshipped Yredelemnul.
Yredelemnul was noncommittal.
You visited 1 branch of the dungeon, and saw 5 of its levels.

You collected 227 gold pieces.

Inventory:

Missiles
 f - a throwing net
Armour
 g - a +3 leather armour
 l - a +2 cloak (worn)
 m - the +1 robe of Negligence (worn) {+Inv Regen+ Str+2}
   (You found it on level 4 of the Dungeon)

   Str:       It affects your strength (+2).
   +Inv:      It lets you turn invisible.
   Regen:     It increases your rate of health regeneration.
Wands
 a - a wand of flame (9)
 o - a wand of acid (4)
Scrolls
 b - a scroll of amnesia
 c - 6 scrolls of identify
 d - a scroll of teleportation
 e - 2 scrolls of enchant armour
 h - 2 scrolls of immolation
 i - a scroll of magic mapping
 j - a scroll of silence
 k - a scroll of enchant weapon
 n - a scroll of noise


   Skills:
 * Level 2.0 Dodging
 - Level 1.5 Stealth
 - Level 4.0 Unarmed Combat
 + Level 7.7 Spellcasting
 + Level 7.0 Necromancy
 * Level 1.0 Invocations


You had 13 spell levels left.
You knew the following spells:

 Your Spells              Type           Power      Damage    Failure   Level
a - Pain                  Necr           100%       1d9       1%          1
b - Vampiric Draining     Necr           30%        2d8       1%          3
c - Agony                 Necr           30%        N/A       16%         5

Your spell library contained the following spells:

 Spells                   Type           Power      Damage    Failure   Level
 Animate Skeleton         Necr           60%        N/A       1%          1
 Animate Dead             Necr           15%        N/A       6%          4
 Summon Small Mammal      Summ           24%        N/A       11%         1
 Call Canine Familiar     Summ           6%         N/A       32%         3
 Summon Guardian Golem    Hex/Summ       6%         N/A       32%         3


Dungeon Overview and Level Annotations

Branches:
Dungeon (5/15)             Temple (0/1) D:5

Altars:
Qazlal
Yredelemnul

Annotations:
D:5 Menkaure


Innate Abilities, Weirdness & Mutations

You are immune to poison.
Your flesh is cold resistant. (rC+)
You are immune to negative energy. (rN+++)
You are immune to unholy pain and torment.
You are vulnerable to heat. (rF-)
You do not drink.


Message History

Menkaure, Prince of Dust comes into view.
Menkaure shouts!
Menkaure is nearby!
You can't see any susceptible monsters within range! (Use Z to cast anyway.)
You can't see any susceptible monsters within range! (Use Z to cast anyway.)
You barely miss Menkaure. You hit Menkaure but do no damage.
Menkaure gestures wildly while chanting.
Menkaure seems to speed up.
You hit Menkaure.
Menkaure is lightly damaged.
Menkaure hits you!
You hit Menkaure.
Menkaure is lightly damaged.
Menkaure closely misses you.
You barely miss Menkaure.
Menkaure is lightly damaged.
Menkaure barely misses you.
You barely miss Menkaure.
Menkaure is lightly damaged.
Menkaure barely misses you.
You hit Menkaure.
Menkaure is moderately damaged.
Menkaure hits you!
You hit Menkaure.
Menkaure is heavily damaged.
Menkaure misses you. x2
You can't drink.
Unknown command.
Okay, then.
You hit Menkaure but do no damage.
Menkaure is heavily damaged.
Menkaure closely misses you.
You completely miss Menkaure.
Menkaure is heavily damaged.
Menkaure hits you!
Unknown command.
Menkaure hits you!!
You die...
Yredelemnul claims you as an undead slave.

#..#.# ##.##
#....####.###
##..........#
########.#.#
###.#.#
#...#.# ###..#
##.#####
#.†.@.#
#.#####..##M#
#........##.#
......⌠8..##.#
..........##.#
....>.⌠8.###.#
.........# #.#
......⌠8.# #.#
.........# #.#


You could see Menkaure (fast).

Vanquished Creatures
  A steam dragon (D:4)
  2 water moccasins
  A black bear (D:5)
  An ogre (D:4)
  3 scorpions
  A water moccasin skeleton (D:4)
  A hound (D:4)
  An iguana (D:2)
  An orc priest (D:3)
  A centaur skeleton (D:4)
  Natasha (thrice) (D:2)
  A scorpion zombie (D:4)
  2 orc wizards
  2 hound skeletons
  2 howler monkey zombies (D:4)
  Robin (D:2)
  4 gnolls (D:2)
  6 adders
  A shadow imp (D:4)
  An ufetubus (D:4)
  2 adder skeletons (D:4)
  4 worms
  3 dart slugs
  16 orcs
  5 endoplasms
  2 giant cockroaches
  20 goblins
  4 hobgoblins
  6 kobolds
  4 quokkas
  7 ball pythons
  7 bats
  11 frilled lizards
  A quokka zombie (D:4)
  3 rats
131 creatures vanquished.

Vanquished Creatures (others)
  A quokka zombie (D:4)
1 creature vanquished.

Grand Total: 132 creatures vanquished

Notes
Turn   | Place    | Note
-------+----------+-------------------------------------------
     0 | D:1      | ytrimaz the Mummy Necromancer began the quest for the Orb.
     0 | D:1      | Reached XP level 1. HP: 13/13 MP: 4/4
   621 | D:1      | Reached XP level 2. HP: 19/19 MP: 2/5
  1408 | D:2      | Reached XP level 3. HP: 24/24 MP: 1/7
  1470 | D:2      | Noticed Robin
  1549 | D:1      | Learned a level 3 spell: Vampiric Draining
  1555 | D:2      | Killed Robin
  1744 | D:2      | Noticed Natasha
  1750 | D:2      | Killed Natasha
  1751 | D:2      | Reached skill level 1 in Unarmed Combat
  1751 | D:2      | Reached XP level 4. HP: 28/30 MP: 1/10
  1927 | D:2      | Found a faded altar of an unknown god.
  2112 | D:2      | Reached skill level 5 in Necromancy
  2203 | D:2      | Noticed Natasha
  2208 | D:2      | Killed Natasha
  2209 | D:2      | Reached XP level 5. HP: 35/35 MP: 6/11
  3004 | D:2      | Noticed Natasha
  3018 | D:2      | Killed Natasha
  3019 | D:2      | Reached skill level 5 in Spellcasting
  3688 | D:2      | Reached XP level 6. HP: 40/41 MP: 2/14
  4217 | D:3      | Found a stormy altar of Qazlal.
  4748 | D:4      | Noticed a water moccasin
  4780 | D:4      | Killed a water moccasin
  4870 | D:4      | Identified the +1 robe of Negligence {+Inv Regen+ Str+2}
  4943 | D:4      | Reached XP level 7. HP: 46/46 MP: 11/16
  5253 | D:4      | Learned a level 5 spell: Agony
  5381 | D:4      | Noticed a steam dragon
  5391 | D:4      | Killed a steam dragon
  5579 | D:4      | Found a basalt altar of Yredelemnul.
  5741 | D:4      | Became a worshipper of Yredelemnul the Dark
  5755 | D:5      | Entered Level 5 of the Dungeon
  5759 | D:5      | Reached XP level 8. HP: 52/52 MP: 6/18
  6084 | D:5      | Reached skill level 1 in Invocations
  6116 | D:5      | Found a staircase to the Ecumenical Temple.
  6123 | D:5      | Noticed Menkaure
  6136 | D:5      | Slain by Menkaure

Illustrated notes

Levels and vault maps discovered:
D:1:      pf_arrival_petrified_forest, layout_loops_ring, serial_bayou_ford_a,
          corexii_hall_statues_i
D:2:      minmay_wonky_spiral, layout_loops_corners,
          hellmonk_ecumenical_altar_blasted, chequers_serial_rivers_micro_b,
          uniq_robin, uniq_natasha
D:3:      layout_rooms, mainiacjoe_overflow_small_starburst
D:4:      layout_rooms, lemuel_tele_altar, serial_undead, serial_undead_b,
          serial_undead_e, serial_undead_b, serial_undead_e, serial_undead_a,
          corexii_hall_statues_i
D:5:      layout_loops_ring, minmay_temple_entry_drinking_statues,
          uniq_menkaure, uniq_crazy_yiuf_cottage

Skill      XL: |  1  2  3  4  5  6  7  8 |
---------------+-------------------------+-----
Spellcasting   | 3 4 5 6 7 |  7.7
Unarmed Combat | 1 2 4 |  4.0
Necromancy     | 5 6 7 |  7.0
Dodging        | 2 |  2.0
Invocations    | 1 |  1.0
Stealth        | |  1.5

Action                   |  1- 3 |  4- 6 |  7- 9 || total
-------------------------+-------+-------+-------++-------
Melee: Unarmed           |    10 |    23 |   153 ||   186
       Punch             |       |     1 |     2 ||     3
 Cast: Pain              |    59 |   127 |    39 ||   225
       Vampiric Draining |     3 |    13 |    15 ||    31
       Agony             |       |       |     3 ||     3
  Use: Scroll            |     1 |     7 |     1 ||     9
 Stab: Distracted        |       |       |     1 ||     1
Armor: Robe              |     5 |       |   101 ||   106
       Leather armour    |       |    12 |       ||    12
Dodge: Dodged            |    12 |    31 |   165 ||   208

Table legend: (Time is in decaauts)
 A = Elapsed time spent in this place.
 B = Non-inter-level travel time spent in this place.
 C = Inter-level travel time spent in this place.
 D = Time resting spent in this place.
 E = Time spent auto-exploring this place.
 F = Levels seen in this place.
 G = Mean time per level.
                   A        B        C        D        E       F      G
               +--------+--------+--------+--------+--------+-----+--------+
         Total |   6141 |   5926 |    215 |   2143 |   2679 |   5 | 1228.2 |
       Dungeon |   6141 |   5926 |    215 |   2143 |   2679 |   5 | 1228.2 |
               +--------+--------+--------+--------+--------+-----+--------+

Top non-repeatable levels by time:
     D:2: 2551 daAuts
     D:1: 1378 daAuts
     D:4: 1232 daAuts
     D:3: 771 daAuts
     D:5: 207 daAuts
